AoeStats
← ikbendom

Arabia

509577452Analyzed
1v1 RM · 6d ago on Sep 27, 2026· 26m 45s· 2 players
Game mode
Random Map
Map size
Tiny (2 player)
Population
200
Speed
Normal
Resources
Standard
Victory
Conquest
Starting age
Dark Age
Ending age
Imperial Age
RankedLock teamsTeams togetherTeam positionsShared explorationLock speedFull tech treeHidden civsTurbo modeCheats
Victory
Defeat
🇵🇱 Ethiopians · Poland
906
+16
🇳🇱 Vikings · Netherlands
912
-42
Kwinto
7:12 Loom
9:57 Feudal Age
10:45 Double-Bit Axe
11:09 Horse Collar
18:09 Wheelbarrow
24:06 Castle Age
25:42 Hand Cart
24:48 Crossbowman
25:23 Fletching
25:34 Padded Archer Armor
25:34 Scale Mail Armor
ikbendom
9:45 Feudal Age
8:02 Loom
11:22 Double-Bit Axe
11:20 Horse Collar
23:15 Castle Age
21:32 Fletching
22:27 Gold Mining
22:27 Stone Mining
24:14 Man-at-Arms
Connection lost

Rejoining the realm…

Still unreachable

The connection could not be restored.

Session expired

The server has moved on; the page needs a fresh start.